Map: 熔火危机

Players

邀月

  • Race: Protoss Protoss
  • League: Master
  • Spawn Location: 11:00

只爱小彬彬

  • Race: Terran Terran
  • Spawn Location: 11:00

VOD

Have the link to the VOD?

Description

Time

  • Played on: Feb. 26, 2018, 3:17 a.m.
  • Length: 23:23
Show
View Real Time Build Order
Export as new Build Order

邀月 Protoss 

Build Orders:  

Get SALT Encoding   

  12  0:03  Probe (Chrono Boost)  
  13  0:15  Probe (Chrono Boost)  
  14  0:27  Probe (Chrono Boost)  
  16  0:40  Probe (Chrono Boost)  
  16  0:53  Pylon  
  16  1:02  Probe (Chrono Boost)  
  17  1:14  Probe (Chrono Boost)  
  17  1:18  Gateway  
  18  1:20  Cybernetics Core  
  18  1:23  Assimilator  
  18  1:26  Probe (Chrono Boost)  
  18  1:29  Assimilator  
  19  1:38  Probe (Chrono Boost)  
  20  1:51  Probe (Chrono Boost)  
  20  1:56  Talis' A.I. Personality  
  21  2:03  Probe (Chrono Boost)  
  22  2:23  Legionnaire  
  22  2:24  Twilight Council  
  22  2:28  Forge  
  26  2:34  Probe (Chrono Boost)  
  26  2:44  Kaldalis' A.I. Personality  
  26  2:53  Adept  
  26  2:59  Probe (Chrono Boost)  
  29  3:08  Empowered Blades  
  29  3:18  Probe (Chrono Boost)  
  30  3:50  Purifier Armaments  
  30  4:05  Debilitation System  
  30  4:16  Probe (Chrono Boost)  
  31  4:22  Robotics Facility, Robotics Bay  
  32  4:33  Probe (Chrono Boost)  
  32  4:49  Nexus  
  33  4:50  Probe (Chrono Boost)  
  33  5:07  Colossus, Probe (Chrono Boost)  
  34  5:13  Observation Protocol  
  35  5:24  Probe (Chrono Boost)  
  35  5:29  Warbringer's A.I. Personality  
  42  6:15  Probe (Chrono Boost)  
  40  6:27  Protoss Ground Weapons Level 1  
  40  6:28  Pylon  
  40  6:29  Immortal  
  45  6:32  Probe (Chrono Boost)  
  45  6:33  Pylon  
  45  6:49  Probe (Chrono Boost)  
  46  6:58  Probe (Chrono Boost)  
  47  7:06  Probe (Chrono Boost)  
  49  7:10  Probe (Chrono Boost)  
  49  7:19  Taldarin's A.I. Personality  
  49  7:23  Probe (Chrono Boost)  
  49  7:26  Probe (Chrono Boost)  
  51  7:39  Probe (Chrono Boost)  
  53  7:45  Probe (Chrono Boost)  
  53  7:48  Purification Blast  
  53  7:51  Probe (Chrono Boost)  
  55  8:02  Probe (Chrono Boost)  
  55  8:03  Probe (Chrono Boost)  
  55  8:04  Stargate  
  55  8:07  Fleet Beacon, Assimilator  
  56  8:10  Assimilator, Pylon  
  56  8:17  Pylon  
  58  8:33  Probe x2 (Chrono Boost)  
  60  8:50  Probe x2 (Chrono Boost)  
  60  8:55  Carrier  
  57  9:13  Clolarion's A.I. Personality  
  56  9:25  Probe (Chrono Boost), Legionnaire  
  56  9:26  Probe (Chrono Boost), Warp Gate  
  68  9:42  Probe (Chrono Boost)  
  68  9:43  Probe (Chrono Boost)  
  68  9:50  Gateway  
  68  9:52  Gateway  
  68  9:54  Gateway  
  68  9:59  Gateway  
  70  10:03  Gateway, Probe x2 (Chrono Boost)  
  68  10:20  Probe (Chrono Boost)  
  68  10:27  Protoss Ground Weapons Level 2  
  68  10:28  Mojo's A.I. Personality  
  67  10:37  Probe (Chrono Boost)  
  68  10:46  Scout  
  69  10:53  Probe (Chrono Boost)  
  69  10:56  Legionnaire  
  71  11:21  Probe (Chrono Boost)  
  71  11:22  Probe (Chrono Boost)  
  71  11:28  Adept x3  
  71  11:29  Legionnaire  
  80  11:38  Probe (Chrono Boost)  
  81  11:57  Interdictors  
  81  12:04  Legionnaire x3  
  81  12:05  Protoss Air Weapons Level 1  
  90  12:11  Pylon  
  90  12:14  Pylon  
  90  12:16  Pylon  
  90  12:18  Pylon  
  90  12:34  Pylon  
  90  12:39  Conservator  
  90  12:49  Conservator x3  
  96  12:54  Legionnaire x3  
  105  13:09  Combat Sensor Array, Conservator x2  
  103  13:20  Adept x2  
  103  13:21  Adept  
  106  13:31  Adept x3  
  114  13:41  Probe (Chrono Boost)  
  114  13:42  Probe (Chrono Boost)  
  114  13:55  Adept  
  114  13:56  Adept x4  
  114  13:58  Psionic Projection  
  124  14:01  Immortal  
  124  14:06  Gateway  
  124  14:07  Gateway  
  128  14:14  Pylon  
  128  14:16  Pylon  
  128  14:19  Carrier  
  130  14:52  Adept  
  130  14:53  Adept x2, Legionnaire x2  
  130  14:54  Legionnaire  
  146  15:05  Probe (Chrono Boost)  
  144  15:13  Probe (Chrono Boost)  
  121  15:22  Immortal  
  119  15:35  Adept x3  
  119  15:36  Legionnaire x3  
  138  15:46  Protoss Ground Weapons Level 3  
  139  15:52  Probe (Chrono Boost)  
  139  15:55  Conservator  
  139  15:56  Conservator  
  136  16:01  Conservator  
  136  16:02  Adept x4  
  136  16:03  Conservator  
  136  16:26  Legionnaire  
  136  16:27  Charge, Legionnaire x2  
  145  16:46  Conservator  
  145  16:47  Conservator  
  142  17:03  Adept x2  
  142  17:04  Adept  
  142  17:08  Pylon  
  140  17:12  Pylon, Legionnaire x2  
  146  17:24  Conservator x2, Pylon  
  146  17:26  Pylon  
  146  17:28  Protoss Air Weapons Level 2  
  140  17:40  Legionnaire x4  
  140  17:42  Adept x4  
  157  18:00  Graviton Catapult  
  157  18:04  Scout  
  157  18:06  Pylon  
  160  18:25  Scout  
  163  18:41  Legionnaire x4  
  175  18:52  Pylon  
  175  18:54  Scout  
  178  19:02  Suppression Procedure  
  175  20:00  Adept x4  
  183  20:25  Legionnaire x3  
  192  20:47  Conservator x2  
  144  21:44  Probe x2 (Chrono Boost)  
  132  22:12  Adept x4  
  132  22:13  Legionnaire x4  
Show
View Real Time Build Order
Export as new Build Order

只爱小彬彬 Terran 

Build Orders:  

Get SALT Encoding   

  12  0:04  SCV  
  13  0:21  SCV  
  14  0:38  SCV  
  15  1:01  Supply Depot  
  15  1:04  SCV  
  15  1:07  Refinery  
  16  1:21  SCV  
  16  1:25  Refinery  
  17  1:38  SCV  
  18  1:51  Supply Depot  
  18  1:55  SCV  
  18  1:56  Barracks  
  19  2:12  SCV  
  20  2:29  SCV  
  21  2:42  Engineering Bay  
  21  2:46  SCV  
  22  2:52  Supply Depot  
  22  3:03  SCV  
  23  3:20  SCV  
  24  3:37  SCV  
  25  3:43  Engineering Bay  
  25  3:45  Terran Infantry Weapons Level 1  
  25  3:54  SCV  
  26  4:11  SCV  
  27  4:28  SCV  
  28  4:30  Factory  
  28  4:35  Barracks Tech Lab  
  28  5:10  Orbital Command  
  28  5:44  Starport  
  28  5:45  Factory Tech Lab  
  28  6:27  Terran Infantry Armor Level 1  
  28  6:34  Building Armor  
  28  6:56  Fusion Core  
  28  6:58  Starport Tech Lab  
  28  7:04  Replenishable Magazine  
  28  7:08  Vulture  
  28  7:18  Vulture  
  30  7:28  Vulture  
  32  7:33  Supply Depot x2  
  32  7:37  Supply Depot  
  32  7:39  Supply Depot, Vulture  
  34  7:41  Supply Depot  
  34  7:49  Vulture  
  38  8:10  Armory, Battlecruiser  
  44  9:17  Terran Infantry Weapons Level 2  
  44  9:21  Terran Vehicle and Ship Weapons Level 1  
  44  9:24  Weapon Refit  
  44  10:31  Bunker  
  44  11:06  Neosteel Frame  
  44  11:15  Cerberus Mines  
  44  12:01  Terran Vehicle And Ship Armor Level 1  
  44  12:13  Supply Depot  
  44  12:24  Supply Depot  
  44  12:36  Supply Depot  
  44  12:43  Supply Depot  
  44  12:51  Supply Depot  
  44  13:07  Supply Depot  
  44  13:18  Terran Infantry Weapons Level 3  
  44  13:21  Terran Infantry Armor Level 2  
  44  14:41  Terran Vehicle and Ship Weapons Level 2  
  44  18:15  Battlecruiser  
  50  18:58  Battlecruiser  
  56  19:40  Battlecruiser  
  62  20:23  Battlecruiser  
  68  21:06  Battlecruiser  
Tags
 
Commander
FenixRaynor
League
Master
Matchup
Co-op
Replay Pack
Co-op Speedrun
Add a new tag
Caveats
  • Supply blocks, unpowered buildings, or Contaminate may cause inaccurate times.
  • Supply counts are checked every 10 seconds.